 Dungeon Crawl Stone Soup version 0.32-a0-673-g3729bd50f8 (webtiles) character file.

Game seed: 11438374167885361863

247 chugbro the Trooper (level 6, -1/51 HPs)
             Began as a Formicid Monk on Mar 11, 2024.
             Slain by an ogre
             ... wielding a +0 giant club
              (23 damage)
             ... on level 4 of the Dungeon.
             The game lasted 00:02:33 (2621 turns).

chugbro the Trooper (Formicid Monk)                 Turns: 2621, Time: 00:02:34

Health: -1/51      AC:  2    Str: 16    XL:     6   Next: 34%
Magic:  6/6        EV: 13    Int:  9    God:
Gold:   146        SH:  0    Dex: 18    Spells: 5/5 levels left

rFire   . . .        a - +0 falchion
rCold   . . .        d - orb {light}
rNeg    . . .        b - +0 robe
rPois   .            (helmet unavailable)
rElec   .            (no cloak)
rCorr   .            (no gloves)
SInv    +            (no boots)
Will    .....        (no amulet)
Stlth   +            (no ring)
HPRegen 0.28/turn    (no ring)
MPRegen 0.10/turn

%: no passive effects
@: glowing
A: permanent stasis, dig shafts and tunnels, antennae 3, four strong arms
a: Dig, Shaft Self


You were on level 4 of the Dungeon.
You visited 1 branch of the dungeon, and saw 4 of its levels.

You collected 146 gold pieces.

Inventory:

Hand Weapons
 a - a +0 falchion (weapon)
Missiles
 o - 18 stones
Armour
 b - a +0 robe (worn)
 d - an orb of light (worn)
 q - a +0 chain mail
Magical Staves
 n - a staff of conjuration
Jewellery
 u - a ring of willpower
Scrolls
 e - 2 scrolls of teleportation {unknown}
 f - 8 scrolls of identify {unknown}
 g - a scroll of noise {unknown}
 h - 2 scrolls of torment {unknown}
 i - 2 scrolls of poison {unknown}
 m - a scroll of fear {unknown}
 p - a scroll of blinking {unknown}
 s - a scroll of enchant weapon {unknown}
 t - a scroll of fog {unknown}
 x - a scroll of revelation {unknown}
Potions
 c - a potion of ambrosia
 j - 4 potions of heal wounds {unknown}
 k - a potion of mutation {unknown}
 l - 2 potions of curing {unknown}
 r - a potion of lignification {unknown}
 v - a potion of attraction {unknown}
 w - a potion of resistance {unknown}


   Skills:
 + Level 5.6 Fighting
 + Level 5.1 Long Blades
 - Level 2.6 Dodging


You had 5 spell levels left.
You didn't know any spells.
Your spell library contained the following spells:

 Spells                   Type           Power      Damage    Failure   Level
 Apportation              Tloc           0%         N/A       38%         1
 Jinxbite                 Hex            0%         N/A       52%         2
 Volatile Blastmotes      Fire/Tloc      0%         2d10      77%         3
 Fulminant Prism          Conj/Alch      0%         3d5       99%         4
 Iskenderun's Mystic Bla  Conj/Tloc      0%         2d3       99%         4
 Alistair's Intoxication  Alch           0%         N/A       100%        5


Dungeon Overview and Level Annotations

Branches:
Dungeon (4/15)
 Temple: D:4-7

Altars:
Xom


Innate Abilities, Weirdness & Mutations

You cannot be hasted, slowed, berserked, paralysed or teleported.
You can dig through walls and to a lower floor.
You have a pair of large antennae on your head. (SInv)
Your four strong arms can wield two-handed weapons with a shield.


Message History

h - 2 scrolls labelled YSCHAIBUIRA (gained 1)
You now have 131 gold pieces (gained 9).
You now have 146 gold pieces (gained 15).
Found a robe.
f - 8 scrolls labelled QOACZEOJUMP (gained 1) As you open the door, it creaks loudly!
An ogre comes into view. It is wielding a +0 giant club.
The ogre shouts!
You hear a shout! x2
An ogre is nearby!
An ogre is nearby!
An orc comes into view. It is wielding a +0 short sword.
The orc shouts!
There is an open door here.
You hit the ogre.
The ogre is lightly wounded.
The ogre closely misses you.
An orc comes into view. It is wielding a +0 mace.
You hit the ogre.
The ogre is moderately wounded.
You slash the ogre!
The ogre is heavily wounded.
The ogre barely misses you.
An orc comes into view. It is wielding a +0 mace.
The orc shouts!
You slash the ogre!
The ogre is almost dead.
The ogre hits you with a +0 giant club!
You hit the ogre but do no damage.
The ogre is almost dead.
You hit the ogre.
The ogre is almost dead.
The ogre hits you with a +0 giant club!!
An orc comes into view. It is wielding a +0 whip.
You are too injured to fight recklessly!
You are too injured to fight recklessly!
The orc shouts!
You hit the ogre.
The ogre is almost dead.
The ogre hits you with a +0 giant club!!
You die...

..............
..............
#####.###########
.................
#########.##########
###
......................
##............## .....
#............##.....o
#............@Oo.o...
..............##o.....
..............# #####
....######....# ...
....... ##.......
#........ # #........
#


You could see an ogre and 4 orcs.

Vanquished Creatures
  A phantom (D:4)
  A hound (D:4)
  2 iguanas (D:4)
  2 adders
  A ribbon worm (D:2)
  2 dart slugs
  5 ball pythons (D:1)
  9 endoplasms
  5 giant cockroaches
  9 goblins
  7 hobgoblins
  6 kobolds
  A quokka (D:2)
  7 bats
  3 frilled lizards
  3 rats
64 creatures vanquished.

Notes
Turn   | Place    | Note
-------+----------+-------------------------------------------
     0 | D:1      | chugbro the Formicid Monk began the quest for the Orb.
     0 | D:1      | Reached XP level 1. HP: 18/18 MP: 1/1
    41 | D:1      | Reached XP level 2. HP: 20/24 MP: 2/2
   233 | D:1      | Reached XP level 3. HP: 30/30 MP: 3/3
  1011 | D:2      | Reached XP level 4. HP: 32/38 MP: 4/4
  1783 | D:3      | Found a shimmering altar of Xom.
  2202 | D:4      | Reached XP level 5. HP: 35/43 MP: 5/5
  2233 | D:4      | Noticed a phantom
  2248 | D:4      | Killed a phantom
  2249 | D:4      | Reached skill level 5 in Fighting
  2249 | D:4      | Reached XP level 6. HP: 28/51 MP: 6/6
  2359 | D:4      | Reached skill level 5 in Long Blades
  2613 | D:4      | Noticed an ogre
  2621 | D:4      | Slain by an ogre

Illustrated notes

Levels and vault maps discovered:
D:1:      roderic_crossed_star, layout_basic, minmay_small_reverse_x
D:2:      wander_river, layout_basic, serial_park_tiny_pond
D:3:      layout_rooms, brannock_xom_greatest_gift
D:4:      layout_basic, nicolae_overflow_hidden_temple,
          kennysheep_generic_room_12

Skill      XL: |  1  2  3  4  5  6 |
---------------+-------------------+-----
Fighting       | 4 5 |  5.6
Long Blades    | 4 5 |  5.1
Dodging        | |  2.6

Action                     |  1- 3 |  4- 6 || total
---------------------------+-------+-------++-------
  Melee: Falchion          |    82 |    94 ||   176
 Armour: Robe              |    30 |    50 ||    80
  Dodge: Dodged            |    59 |    59 ||   118

Table legend: (Time is in decaauts)
 A = Elapsed time spent in this place.
 B = Non-inter-level travel time spent in this place.
 C = Inter-level travel time spent in this place.
 D = Time resting spent in this place.
 E = Time spent auto-exploring this place.
 F = Levels seen in this place.
 G = Mean time per level.
                   A        B        C        D        E       F      G
               +--------+--------+--------+--------+--------+-----+--------+
         Total |   2647 |   2574 |     73 |      0 |   2148 |   4 |  661.8 |
       Dungeon |   2647 |   2574 |     73 |      0 |   2148 |   4 |  661.8 |
               +--------+--------+--------+--------+--------+-----+--------+

Top non-repeatable levels by time:
     D:1: 883 daAuts
     D:2: 760 daAuts
     D:3: 571 daAuts
     D:4: 431 daAuts
